 Dungeon Crawl Stone Soup version 0.30.0-10-gfe55d96785 (webtiles) character file.

Game seed: 8004353468643601855

38964 dolemite99 the Blocker (level 14, -5/105 HPs)
             Began as a Djinni Conjurer on May 16, 2023.
             Was a Priest of Ashenzari.
             Slain by an elephant (10 damage)
             ... on level 5 of the Lair of Beasts.
             The game lasted 00:58:36 (31578 turns).

dolemite99 the Blocker (Djinni Conjurer)           Turns: 31578, Time: 00:58:37

Health: -5/105     AC: 15    Str:  6    XL:     14   Next: 37%
Gold:   774        EV: 12    Int: 25    God:    Ashenzari [***...] SH:  0 Dex: 12

rFire   + . .        a - staff of cold
rCold   + . .        (no shield)
rNeg    . . .        A - +1 ring mail of the Restrained Urgency {Will+, Fort, Range} (curse)
rPois   ∞            q - +1 helmet "Per Aspera Ad Scientiam" {Self, Cun} (curse)
rElec   .            F - +1 cloak "Pangnostic Trepidation" {Will+, Cun, Self} (curse)
rCorr   .            g - +0 pair of gloves of Ashenzari's Visionary {Melee, Cun} (curse)
SInv    +            (boots unavailable)
Will    +++..        (no amulet)
Stlth   ++++         z - ring "Apathy of Ashenzari" {AC+4, =R, Range, Fort} (curse)
HPRegen 0.37/turn    n - ring of ice
MPRegen 0.00/turn

%: clarity, infuse magic (-6 HP)
@: about to teleport, flying
A: sickness immunity, fire resistance 2, cold vulnerability 1, float, innate
caster, HP casting, extra vitality 1
a: Renounce Religion, Curse Item, Shatter the Chains


You were on level 5 of the Lair of Beasts.
You worshipped Ashenzari.
Ashenzari was most pleased with you.
You visited 3 branches of the dungeon, and saw 16 of its levels.

You collected 907 gold pieces.
You spent 133 gold pieces at shops.

Inventory:

Hand Weapons
 b - the +8 arc blade {discharge, rElec}
   (You found it on level 4 of the Lair of Beasts)

   rElec:     It insulates you from electricity.
 e - the +3 long sword of Zamam {heavy, rPois Int+2}
   (You found it on level 7 of the Dungeon)

   Int:       It affects your intelligence (+2).
   rPois:     It protects you from poison.
 k - a +2 sling
 w - a +2 dagger of electrocution
 G - a +2 scimitar of flaming
 I - a +4 scimitar
 J - a +2 scimitar of freezing
 K - a +1 short sword of draining
 O - a +1 long sword of flaming
 Q - a +0 quarterstaff of freezing
 W - a +4 dagger of venom
Missiles
 t - 2 silver boomerangs
 E - 12 poisoned darts (quivered)
 V - 6 javelins
Armour
 g - the cursed +0 pair of gloves of Ashenzari's Visionary (worn) {Melee, Cun}
   (You found it on level 1 of the Dungeon)

   It has a curse which improves the following skills: Melee Combat: Short
   Blades, Long Blades, Axes, Maces & Flails, Polearms, Staves and Unarmed
   Combat.
   Cunning:   Dodging and Stealth.
 h - a +3 scale mail of cold resistance
 q - the cursed +1 helmet "Per Aspera Ad Scientiam" (worn) {Self, Cun}
   (You found it on level 2 of the Dungeon)

   It has a curse which improves the following skills: Introspection: Fighting
   and Spellcasting.
   Cunning:   Dodging and Stealth.
 A - the cursed +1 ring mail of the Restrained Urgency (worn) {Will+, Fort, Range}
   (You took it off an orc priest on level 7 of the Dungeon)

   It has a curse which improves the following skills: Fortitude: Armour and
   Shields.
   Ranged Combat: Ranged Weapons and Throwing.
 B - a +3 ring mail of poison resistance
 F - the cursed +1 cloak "Pangnostic Trepidation" (worn) {Will+, Cun, Self}
   (You found it on level 7 of the Dungeon)

   It has a curse which improves the following skills: Cunning: Dodging and
   Stealth.
   Introspection: Fighting and Spellcasting.
 R - a +0 kite shield
Magical Staves
 a - a staff of cold (weapon)
 C - a staff of air
Jewellery
 n - a ring of ice (right hand)
 y - a ring of fire
 z - the cursed ring "Apathy of Ashenzari" (left hand) {AC+4, =R, Range, Fort}
   (You found it on level 6 of the Dungeon)

   [ring of protection]

   AC:        It affects your AC (+4).
   It has a curse which improves the following skills: Ranged Combat: Ranged
   Weapons and Throwing.
   Fortitude: Armour and Shields.
 P - a ring of ice
Wands
 c - a wand of paralysis (9)
 r - a wand of light (2)
 s - a wand of polymorph (18)
Scrolls
 u - 3 scrolls of immolation
 v - a scroll of fear
 x - 2 scrolls of vulnerability
 H - 2 scrolls of fog
 M - 6 scrolls of identify {@r1}
 N - a scroll of silence
Potions
 d - a potion of mutation
 f - a potion of berserk rage
 i - 3 potions of attraction
 l - a potion of ambrosia
 m - 6 potions of lignification
 p - 3 potions of brilliance
 L - 3 potions of curing
 S - 2 potions of might
 T - a potion of cancellation
 U - a potion of resistance


   Skills:
 - Level 8.9(11.1) Fighting
 - Level 10.0(11.5) Short Blades
 - Level 8.6(11.6) Dodging
 - Level 9.4(12.4) Stealth
 + Level 10.2(12.4) Shields
 - Level 9.0(11.3) Spellcasting
 - Level 2.8 Evocations


You knew the following spells:

 Your Spells              Type           Power      Damage    Failure   Level
a - Fulminant Prism       Conj/Hex       31%        3d16      1%          4
b - Iskenderun's Mystic   Conj/Tloc      63%        2d13      1%          4
c - Hailstorm             Conj/Ice       100%       3d20      1%          3
d - Summon Mana Viper     Hex/Summ       63%        N/A       4%          5
e - Magic Dart            Conj           100%       1d8       1%          1
f - Searing Ray           Conj           100%       2d8       1%          2
g - Lesser Beckoning      Tloc           100%       N/A       1%          2
h - Dazzling Flash        Conj/Hex       100%       N/A       1%          3
i - Necrotise             Necr           100%       1d9       1%          1
j - Passage of Golubria   Tloc           63%        N/A       1%          4
k - Petrify               Tmut/Erth      63%        N/A       1%          4
Your spell library was empty.

Dungeon Overview and Level Annotations

Branches:
Dungeon (10/15)            Temple (1/1) D:7            Lair (5/5) D:9
 Shoals (0/4) Lair:3       Spider (0/4) Lair:2        Slime (0/5) Lair:4
    Orc (0/2) D:9

Altars:
Ashenzari
Cheibriados
Dithmenos
Elyvilon
Fedhas
Gozag
Hepliaklqana
Nemelex Xobeh
Okawaru
Qazlal
Ru
Trog
Uskayaw
Wu Jian
Xom
Yredelemnul
Zin
The Shining One

Shops:
D:1 [   D:3 (

Annotations:
D:8 3 runed translucent doors, RascalDebosk's ghost, novice DjCj


Innate Abilities, Weirdness & Mutations

You are immune to sickness and miasma.
You are immune to poison.
Your flesh is very heat resistant. (rF++)
You are vulnerable to cold. (rC-)
You float through the air rather than walking.
You learn spells naturally, not from books.
Your magical power is your life essence.
You have superior vitality. (+4 MHP)


Message History

The blink frog is severely wounded.
* * * LOW HITPOINT WARNING * * *
Your surroundings suddenly seem different. 5 elephants come into view.
Found 2 potions of lignification.
Unknown command.
As you read the scroll of fear, it crumbles to dust.
You assume a fearsome visage.
The small abomination is unaffected.
The elephant looks frightened! x2
The elephant trumpets!
The elephant easily resists.
The elephant looks frightened!
The elephant trumpets!
The elephant looks frightened!
The eight-headed hydra looks frightened!
Okay, then.
Okay, then.
Aiming: Bolt of Light
Press: ? - help, Shift-Dir - straight line, f - elephant
Aim: an elephant (100% to hit)
The bolt of light hits the elephant!
The elephant is lightly wounded.
The elephant is blinded.
Aiming: Bolt of Light
Press: ? - help, Shift-Dir - straight line, f - you That beam is likely to hit you.
Continue anyway? [Y]es or [N]o only, please.
That beam is likely to hit you.
Continue anyway?
Okay, then.
The elephant is no longer blind.
The blink frog gives a loud, deep croak! x2
The blink frog completely misses you. The blink frog barely misses you.
The blink frog attacks as you move away!
The blink frog hits you!
* * * LOW HITPOINT WARNING * * *
The blink frog barely misses you.
As you read the scroll of teleportation, it crumbles to dust.
You feel strangely unstable. The blink frog hits you!
* * * LOW HITPOINT WARNING * * *
The elephant tramples you!
You die...

, , ............#....##.##
,..,......^...............
,........##Y...#........##
,......#.........D...###
,#, #.###........#...#.###
,
..##....#..Y...#.##.###.##
.........$......#######...
....F...YF..#.### #.....
....!.[†.@F..##* ##..... ,
..#...........#####.†....
*
..........................
...##.......(.P.......P.P.
.. *##.....#.....#....##..
, *....#.....P.##......#
,, ,
########....#....#.#.. * ,
...^....#.###. * ,
P..#.....#*#.


You could see 3 elephants and 3 blink frogs.

Vanquished Creatures
  Fannar (D:10)
  A hydra (Lair:4)
  A centaur warrior (D:10)
  Erica (D:8)
  A two-headed ogre (D:10)
  A boulder beetle (D:10)
  A lindwurm (Lair:3)
  An ugly thing (D:10)
  A cyclops (D:7)
  A wolf spider (Lair:2)
  3 black mambas
  10 elephants
  2 cane toads
  A freezing wraith (D:10)
  An unseen horror (D:10)
  5 komodo dragons
  2 rime drakes
  An ancient zyme (Lair:5)
  2 trolls (D:10)
  4 dream sheep
  17 blink frogs
  A snapping turtle (Lair:3)
  2 culicivoras (Lair:2)
  A vampire (D:10)
  A jumping spider (Lair:2)
  2 ynoxinuls (Lair:5)
  3 wyverns
  28 yaks
  5 small abominations (Lair:5)
  A chaos spawn (Lair:5)
  2 steam dragons
  5 basilisks
  A vampire mosquito (D:10)
  A warg (D:7)
  An acid dragon (D:8)
  12 water moccasins
  Duvessa (D:6)
  11 ogres
  7 orc warriors
  A black bear (D:5)
  A centaur (D:8)
  13 wolves
  2 phantoms
  3 kobold brigands
  9 bullfrogs
  A gnoll sergeant (D:9)
  11 scorpions
  10 wights
  Dowan (D:6)
  10 killer bees
  6 howler monkeys
  An electric eel (Lair:3)
  13 hounds
  10 orc priests
  6 gnoll boudas
  A sleepcap (D:5)
  Jessica (D:3)
  9 iguanas
  Natasha (thrice) (D:3)
  18 orc wizards
  4 hell rats (Lair:1)
  8 adders
  17 gnolls
  A shadow imp (D:7)
  3 white imps
  A worm (D:4)
  A dart slug (D:1)
  39 orcs
  5 endoplasms
  5 giant cockroaches
  6 goblins
  3 hobgoblins
  7 jackals
  2 quokkas
  6 ball pythons
  9 bats
  A frilled lizard (D:1)
  7 kobolds
  4 rats
402 creatures vanquished.

Vanquished Creatures (collateral kills)
  A thrashing horror (Lair:5)
  An ugly thing (Lair:5)
  6 elephants
  2 cane toads
  A torpor snail (Lair:4)
  4 dream sheep
  A yak (Lair:5)
  A redback (Lair:2)
  3 water moccasins
  4 wolves
  A bullfrog (Lair:3)
  A small abomination (Lair:5)
26 creatures vanquished.

Vanquished Creatures (others)
  70 fulminant prisms
70 creatures vanquished.

Grand Total: 498 creatures vanquished

Notes
Turn   | Place    | Note
-------+----------+-------------------------------------------
     0 | D:1      | dolemite99 the Djinni Conjurer began the quest for the Orb.
     0 | D:1      | dolemite99 set off with the following spells memorised:
                  | Magic Dart, Searing Ray, Dazzling Flash, Fulminant Prism,
                  | Iskenderun's Mystic Blast.
     0 | D:1      | Reached XP level 1. HP: 15/15 MP: 0/0
   224 | D:1      | Found Xyik's Antique Armour Shop.
   606 | D:1      | Reached XP level 2. HP: 21/21 MP: 0/0
   889 | D:1      | Found a faded altar of an unknown god.
  1397 | D:2      | Reached XP level 3. HP: 21/25 MP: 0/0
  1397 | D:2      | Learned a level 1 spell: Necrotise
  2561 | D:3      | Found Usiepp's Weapon Shoppe.
  2660 | D:3      | Reached XP level 4. HP: 31/31 MP: 0/0
  3090 | D:3      | Noticed Natasha
  3098 | D:3      | Killed Natasha
  3436 | D:3      | Noticed Jessica
  3442 | D:3      | Killed Jessica
  3443 | D:3      | Reached XP level 5. HP: 21/35 MP: 0/0
  3443 | D:3      | Learned a level 2 spell: Lesser Beckoning
  3857 | D:3      | Noticed Natasha
  3867 | D:3      | Killed Natasha
  4153 | D:3      | Noticed Natasha
  4159 | D:3      | Killed Natasha
  4160 | D:3      | Reached skill level 5 in Spellcasting
  4492 | D:4      | Reached XP level 6. HP: 12/40 MP: 0/0
  5272 | D:4      | Found a bloodstained altar of Trog.
  6108 | D:5      | Entered Level 5 of the Dungeon
  6115 | D:5      | Reached XP level 7. HP: 32/45 MP: 0/0
  6115 | D:5      | Learned a level 3 spell: Hailstorm
  6989 | D:5      | Reached XP level 8. HP: 47/50 MP: 0/0
  7454 | D:6      | Found a glowing drain.
  7990 | D:6      | Reached skill level 1 in Fighting
  7990 | D:6      | Reached XP level 9. HP: 49/57 MP: 0/0
  7990 | D:6      | Learned a level 4 spell: Petrify
  8059 | D:6      | Noticed Duvessa
  8074 | D:6      | Noticed Dowan
  8079 | D:6      | Killed Duvessa
  8081 | D:6      | Killed Dowan
  9302 | D:6      | Reached skill level 5 in Fighting
  9766 | D:7      | Found a staircase to the Ecumenical Temple.
  9772 | Temple   | Entered the Ecumenical Temple
  9869 | Temple   | Became a worshipper of Ashenzari the Shackled
 11286 | D:7      | Reached XP level 10. HP: 66/76 MP: 0/0
 11498 | D:7      | Identified the +3 long sword of Zamam {heavy, rPois Int+2}
 11539 | D:7      | Reached skill level 1 in Short Blades
 12562 | D:7      | Reached skill level 5 in Dodging
 13098 | D:7      | Noticed a cyclops
 13130 | D:7      | Killed a cyclops
 14866 | D:1      | Bought a glowing scale mail for 133 gold pieces
 15130 | D:8      | Found a runed translucent gate.
 15130 | D:8      | Found a runed translucent gate.
 15130 | D:8      | Found a runed translucent gate.
 15647 | D:8      | Reached XP level 11. HP: 64/82 MP: 0/0
 15647 | D:8      | Learned a level 4 spell: Passage of Golubria
 16435 | D:8      | Noticed Erica
 16446 | D:8      | Killed Erica
 16505 | D:8      | Reached * piety under Ashenzari
 16860 | D:8      | Noticed RascalDebosk's ghost (novice DjCj)
 16861 | D:8      | Noticed a ten-headed hydra
 17362 | D:9      | Reached ** piety under Ashenzari
 17417 | D:9      | Reached skill level 1 in Evocations
 17703 | D:9      | Found a staircase to the Lair.
 18039 | D:9      | Found a staircase to the Orcish Mines.
 18712 | D:10     | Entered Level 10 of the Dungeon
 18713 | D:10     | Reached *** piety under Ashenzari
 18802 | D:10     | Noticed Fannar
 18830 | D:10     | Killed Fannar
 19194 | D:10     | Reached skill level 5 in Stealth
 19888 | D:10     | Found a glowing golden altar of the Shining One.
 20030 | D:10     | Reached XP level 12. HP: 78/94 MP: 0/0
 20046 | D:10     | Noticed a boulder beetle
 20063 | D:10     | Killed a boulder beetle
 20101 | D:10     | Noticed a two-headed ogre
 20112 | D:10     | Killed a two-headed ogre
 20657 | D:10     | Identified the ring "Wihis" {rN+ rCorr Int+3}
 20657 | D:10     | Noticed a centaur warrior
 20940 | D:10     | Killed a centaur warrior
 20980 | D:10     | Noticed a centaur warrior
 21098 | D:10     | Noticed a skeletal warrior
 21260 | Lair:1   | Entered Level 1 of the Lair of Beasts
 21548 | Lair:1   | Found a snail-covered altar of Cheibriados.
 22077 | Lair:1   | Reached skill level 5 in Short Blades
 23677 | Lair:2   | Reached XP level 13. HP: 61/99 MP: 0/0
 23677 | Lair:2   | Learned a level 5 spell: Summon Mana Viper
 24273 | Lair:2   | Found a hole to the Spider Nest.
 25829 | Lair:3   | Reached skill level 10 in Short Blades
 26145 | Lair:3   | Reached skill level 1 in Shields
 26463 | Lair:3   | Found a staircase to the Shoals.
 27066 | Lair:4   | Noticed a six-headed hydra
 27076 | Lair:4   | Killed a six-headed hydra
 27310 | Lair:4   | Reached skill level 5 in Shields
 28458 | Lair:4   | Found the +8 arc blade {discharge, rElec}
 28699 | Lair:4   | Found a staircase to the Slime Pits.
 28913 | Lair:5   | Entered Level 5 of the Lair of Beasts
 28970 | Lair:5   | Reached XP level 14. HP: 43/105 MP: 0/0
 31410 | Lair:5   | Reached skill level 10 in Shields
 31578 | Lair:5   | HP: 5/105 [blink frog (9)]
 31578 | Lair:5   | Slain by an elephant

Illustrated notes

Levels and vault maps discovered:
D:1:      roderic_lyre, layout_loops_ring, serial_shops, shop,
          basic_ecumenical_altar, kennysheep_flooded_box, grunt_decor_resistance
D:2:      layout_basic
D:3:      layout_basic, serial_shops, shop, minmay_misc_feat_ornament,
          small_statue_intersection, chequers_mini_garden, uniq_natasha,
          uniq_jessica
D:4:      layout_layer_cave, trog_butcher_becter, chequers_jeans
D:5:      layout_rooms
D:6:      layout_basic, serial_corexii_hall, corexii_hall_statues_s,
          corexii_hall_statues_u, portal_sewer_entry_f,
          chequers_serial_rivers_micro_e, minmay_curled_crystal, uniq_duvessa
D:7:      lemuel_castle_with_subvaults [lemuel_castle_interior_original],
          layout_gridville, temple_doors_cd
D:8:      old_forge, layout_basic, gammafunk_ghost_hydra_chop, uniq_erica
D:9:      layout_stronghold, lair_entry_dummy, orc_0_dummy,
          chequers_serial_rivers_small_a
D:10:     minmay_the_grid_triangle_9x9_recursive_2_mashed
          [minmay_the_grid_triangle_9x9_prize_schism,
          minmay_the_grid_triangle_9x9_longest,
          minmay_the_grid_triangle_9x9_odd_lines,
          minmay_the_grid_triangle_9x9_stretched_checkered],
          layout_irregular_city, overflow_temple_1_default, lemuel_tele_altar,
          corexii_checkpoint_a, uniq_fannar
Temple:   nicolae_temple_bog_church
Lair:1:   wad_woods_stonehenge, layout_cave_pods, grunt_megastairs_4
Lair:2:   layout_loops_ring, spider_nest_entry_funnel_web, grunt_megastairs_1,
          infiniplex_staircase_pool_2, serial_bayou_shore_b
Lair:3:   layout_gridlike, minmay_shoals_entry_hut, lemuel_fruit_tree,
          grunt_megastairs_3, serial_bayou_shore_a
Lair:4:   layout_gridlike, slime_entry_1
Lair:5:   hellmonk_lair_end_abyssal_woods, layout_misc_corridors

Skill      XL: |  1  2  3  4  5  6  7  8  9 10 11 12 13 14 |
---------------+-------------------------------------------+-----
Spellcasting   | 4 5 6 7 8 9 |  9.0
Fighting       | 1 7 8 |  8.9
Short Blades   | 4 7 10 | 10.0
Dodging        | 7 8 |  8.6
Evocations     | 2 |  2.8
Stealth        | 6 9 |  9.4
Shields        | 7 10 | 10.2

Action                     |  1- 3 |  4- 6 |  7- 9 | 10-12 | 13-15 || total
---------------------------+-------+-------+-------+-------+-------++-------
  Melee: Hand axe          |     3 |       |       |       |       ||     3
         Dagger            |       |       |     2 |   265 |    53 ||   320
         Punch             |       |       |       |     4 |     1 ||     5
         Staff             |       |       |       |       |    31 ||    31
         Rapier            |       |       |       |       |     9 ||     9
         Scimitar          |       |       |       |       |     4 ||     4
   Fire: Sling             |     4 |    39 |    47 |    38 |       ||   128
  Throw: Dart              |       |       |       |     6 |    44 ||    50
   Cast: Magic Dart        |    44 |    59 |   139 |   199 |     1 ||   442
         Searing Ray       |       |     4 |     7 |     7 |       ||    18
         Necrotise         |       |     4 |    10 |    14 |       ||    28
         Fulminant Prism   |       |     1 |     9 |    34 |    26 ||    70
         Iskenderun's Myst |       |       |    35 |    55 |    46 ||   136
         Dazzling Flash    |       |       |     2 |     3 |     1 ||     6
         Hailstorm         |       |       |     1 |    51 |    51 ||   103
         Petrify           |       |       |       |    32 |       ||    32
         Passage of Golubr |       |       |       |     2 |     2 ||     4
         Summon Mana Viper |       |       |       |       |    23 ||    23
 Invoke: Curse Item        |       |       |       |     5 |       ||     5
  Evoke: Wand              |       |       |    12 |    14 |    11 ||    37
    Use: Scroll            |     6 |     5 |     6 |    10 |     7 ||    34
         Potion            |       |       |     3 |     7 |     8 ||    18
   Stab: Petrified         |       |       |       |    13 |       ||    13
         Petrifying        |       |       |       |     9 |       ||     9
         Distracted        |       |       |       |       |     1 ||     1
 Armour: Robe              |     3 |     9 |    19 |       |       ||    31
         Ring mail         |       |       |     7 |   144 |   133 ||   284
         Scale mail        |       |       |       |    56 |       ||    56
  Dodge: Dodged            |     5 |    28 |    57 |   234 |   171 ||   495
